 Dungeon Crawl Stone Soup version 0.28.0-45-g0d030f2227 (webtiles) character file.

Game seed: 6403750797948013306

107 NinjaNoafa the Skirmisher (level 4, -17/40 HPs)
             Began as a Hill Orc Fighter on Apr 15, 2022.
             Demolished by an ogre
             ... wielding a +0 giant club
              (20 damage)
             ... on level 4 of the Dungeon.
             The game lasted 00:04:43 (3017 turns).

NinjaNoafa the Skirmisher (Hill Orc Fighter)        Turns: 3017, Time: 00:04:43

Health: -17/40     AC:  3    Str: 20    XL:     4   Next: 86%
Magic:  4/4        EV: 10    Int:  8    God:
Gold:   168        SH:  5    Dex: 10    Spells: 3/3 levels left

rFire   . . .      SeeInvis +   a - +0 war axe
rCold   . . .      Faith    .   c - +1 buckler
rNeg    . . .      Spirit   .   d - +0 leather armour
rPois   .          Reflect  .   (no helmet)
rElec   .          Harm     .   (no cloak)
rCorr   .          Rampage  .   (no gloves)
Will    .....                   (no boots)
Stlth   +.........              (no amulet)
HPRegen 0.13/turn               j - ring of see invisible
MPRegen 0.09/turn               (no ring)

@: flying
A: no striking features
a: no special abilities


You were on level 4 of the Dungeon.
You visited 1 branch of the dungeon, and saw 4 of its levels.

You collected 168 gold pieces.

Inventory:

Hand Weapons
 a - a +0 war axe (weapon)
Missiles
 i - 7 poisoned darts (quivered)
 l - 30 stones
Armour
 b - a +0 scale mail
 c - a +1 buckler (worn)
 d - a +0 leather armour (worn)
Jewellery
 j - a ring of see invisible (left hand)
Scrolls
 f - 3 scrolls of enchant armour
Potions
 e - a potion of cancellation


   Skills:
 + Level 4.2 Fighting
 + Level 3.6 Axes
 + Level 3.9 Armour
 + Level 3.9 Shields
 + Level 0.9 Summonings
 + Level 0.9 Necromancy
 + Level 0.7 Translocations


You had 3 spell levels left.
You didn't know any spells.
Your spell library contained the following spells:

 Spells                   Type           Power      Damage    Failure   Level
 Animate Skeleton         Necr           2%         N/A       41%         1
 Summon Small Mammal      Summ           4%         N/A       41%         1
 Apportation              Tloc           2%         N/A       45%         1


Dungeon Overview and Level Annotations

Branches:
Dungeon (4/15)
 Temple: D:4-7

Altars:
Xom


Message History

Really walk into that dispersal trap?
Okay, then.
There are monsters nearby!
Really walk into that dispersal trap?
You enter a dispersal trap!
You blink.
You flicker for a moment.
It was a potion of haste.
You feel yourself speed up.
You flicker back into view.
Found a stone staircase leading up.
There is a stone staircase leading up here.
You climb upwards.
There is a stone staircase leading down here.
You start resting.
Your extra speed is starting to run out.
You start resting.
You feel yourself slow down.
You start resting.
HP restored.
You climb downwards.
The ogre hits you with a +0 giant club.
There is a stone staircase leading up here.
It was a potion of flight.
You feel very buoyant.
You fly up into the air.
The ogre hits you with a +0 giant club!
It was a potion of heal wounds.
You feel much better. The ogre closely misses you.
You slash the ogre!
The ogre is moderately wounded.
The ogre hits you with a +0 giant club!
You barely miss the ogre.
The ogre is moderately wounded.
The ogre hits you with a +0 giant club!
You hit the ogre but do no damage.
The ogre is moderately wounded.
The ogre hits you with a +0 giant club!
* * * LOW HITPOINT WARNING * * *
Okay, then.
Okay, then.
The ogre hits you with a +0 giant club!!
Ouch! That really hurt!
You die...

♣.......# ♣.♣...+..#
♣ ♣♣♣###.# #.# ## ##
####.# ..# #. #.##.#
#.##.###.##.# ###
#.#.##...#.####.##
#........@.....#^#
##.#.##..O..<.##.##
.###..............#.#
#...#)...g.......##.#
#..........#...###.#
#.##......###.## #.#
# #.....## ### #.#
###.#.# #.# #<#.# #.#


You could see an ogre and a goblin.

Vanquished Creatures
  A hound skeleton (D:4)
  An adder (D:2)
  3 gnolls (D:3)
  3 dart slugs
  4 orcs (D:3)
  6 bats
  3 endoplasms
  3 giant cockroaches (D:2)
  4 goblins
  3 hobgoblins
  4 jackals (D:2)
  A quokka (D:1)
  2 ball pythons
  A frilled lizard (D:2)
  4 kobolds
  A rat (D:2)
44 creatures vanquished.

Notes
Turn   | Place    | Note
-------+----------+-------------------------------------------
     0 | D:1      | NinjaNoafa the Hill Orc Fighter began the quest for the
                  | Orb.
     0 | D:1      | Reached XP level 1. HP: 19/19 MP: 1/1
   267 | D:1      | Reached XP level 2. HP: 27/27 MP: 2/2
   434 | D:1      | Found a faded altar of an unknown god.
  1077 | D:2      | Reached skill level 4 in Fighting
  1081 | D:2      | Reached XP level 3. HP: 25/33 MP: 3/3
  1315 | D:2      | Found a shimmering altar of Xom.
  2045 | D:3      | Reached XP level 4. HP: 30/40 MP: 4/4
  2390 | D:3      | Found Zyares's Weapon Shoppe.
  2859 | D:4      | Noticed an ogre
  3008 | D:4      | HP: 2/40 [ogre/+0 giant club (17)]
  3017 | D:4      | Demolished by an ogre

Illustrated notes

Levels and vault maps discovered:
D:1:      saegor_arrival_simple_c, layout_basic,
          shapermc_ecumenical_altar_totnotflames, roderic_three_in_a_row,
          minmay_misc_feat_five, kennysheep_small_spiral, minivault_14
D:2:      cheibrodos_helix_gallery, layout_loops_cross, basic_altar
D:3:      layout_loops_cross, serial_shops, nicolae_shop_bloodbath_and_beyond
D:4:      layout_loops_ring, nicolae_shop_sticking_my_neck_out,
          uniq_crazy_yiuf_cottage, uniq_natasha

Skill      XL: |  1  2 |
---------------+-------+-----
Axes           | 3 |  3.6
Fighting       | 4 |  4.2
Armour         | |  3.9
Shields        | |  3.9
Summonings     | |  0.9
Necromancy     | |  0.9
Translocations | |  0.7

Action                   |  1- 3 |  4- 6 || total
-------------------------+-------+-------++-------
Melee: War axe           |    98 |    30 ||   128
  Use: Scroll            |       |     5 ||     5
       Potion            |       |     5 ||     5
Armor: Scale mail        |    60 |    14 ||    74
Dodge: Dodged            |    69 |    28 ||    97
Block: Buckler           |    26 |     5 ||    31
